Map: Lerilak Crest

Players

LilDicky - Winner!

  • Race: Terran Terran
  • League: Diamond

A.I. 1 (Medium)

  • Race: Zerg Zerg

VOD

http://www.twitch.tv/tumescentpie

Description

Time

  • Played on: Dec. 12, 2015, 11:22 a.m.
  • Length: 3:54
Show
View Real Time Build Order
Export as new Build Order

LilDicky Terran - Winner!

Build Orders:  

Get SALT Encoding   

  12  0:02  SCV  
  14  0:14  SCV  
  14  0:17  Supply Depot  
  14  0:26  SCV  
  15  0:39  SCV  
  15  0:42  Barracks  
  16  0:51  SCV  
  16  0:53  Refinery  
  17  1:03  SCV  
  18  1:08  Barracks  
  18  1:16  Barracks  
  18  1:19  SCV  
  19  1:31  SCV  
  19  1:32  Supply Depot  
  20  1:33  Marine  
  21  1:43  Orbital Command  
  21  1:51  Marine  
  22  1:58  Marine  
  23  2:09  Marine  
  23  2:11  Marine  
  24  2:16  SCV, Marine  
  26  2:23  Supply Depot  
  26  2:27  Marine  
  26  2:28  SCV  
  26  2:29  Marine  
  29  2:33  Marine  
  30  2:40  SCV  
  31  2:44  Marine  
  31  2:47  Marine  
  33  2:51  Marine  
  33  2:52  SCV  
  35  3:02  Marine  
  35  3:04  Marine  
  32  3:24  Marine x3  
  32  3:26  SCV  
Show
View Real Time Build Order
Export as new Build Order

A.I. 1 (Medium) Zerg 

Build Orders: Pool Only 

Get SALT Encoding   

  12  0:00  Drone  
  13  0:12  Overlord  
  13  0:17  Drone  
  14  0:30  Drone  
  14  0:33  Drone  
  16  0:43  Spawning Pool  
  16  0:45  Drone  
  16  0:49  Drone  
  17  0:51  Extractor  
  17  0:55  Drone  
  17  1:05  Overlord  
  17  1:29  Queen  
  17  1:31  Zergling x2  
  20  1:37  Roach Warren  
  20  1:38  Drone, Extractor  
  19  1:46  Zergling x2  
  20  1:49  Drone  
  21  1:59  Drone  
  22  2:10  Overlord  
  22  2:21  Roach  
  24  2:36  Overlord  
  24  2:37  Roach  
  26  2:52  Roach  
  28  3:01  Drone  
  30  3:05  Drone  
  30  3:08  Roach  
  26  3:24  Roach  
  24  3:39  Drone  
Tags
 
Add a new tag
Caveats
  • Supply blocks, unpowered buildings, or Contaminate may cause inaccurate times.
  • Supply counts are checked every 10 seconds.